 Dungeon Crawl Stone Soup version 0.27.1-1-g398f81649c (webtiles) character file.

Game seed: 8280041776787216807

1661 bnorton916 the Thaumaturge (level 8, -6/41 HPs)
             Began as a Deep Elf Conjurer on Sept 5, 2021.
             Mangled by an ogre (25 damage)
             ... on level 5 of the Dungeon.
             The game lasted 00:06:33 (5724 turns).

bnorton916 the Thaumaturge (Deep Elf Conjurer)      Turns: 5724, Time: 00:06:33

Health: -6/41      AC:  2    Str:  4    XL:     8   Next: 69%
Magic:  18/22      EV: 13    Int: 26    God:
Gold:   244        SH:  0    Dex: 19    Spells: 13/24 levels left

rFire    . . .     SeeInvis .   (no weapon)
rCold    . . .     Faith    .   (no shield)
rNeg     . . .     Spirit   .   a - +0 robe
rPois    .         Reflect  .   (no helmet)
rElec    .         Harm     .   (no cloak)
rCorr    .         Rampage  .   (no gloves)
Will     .....                  (no boots)
Stlth    ++........             (no amulet)
HPRegen  0.13/turn              e - +6 ring of dexterity
MPRegen  0.18/turn              (no ring)

@: no status effects
A: no striking features
a: no special abilities


You were on level 5 of the Dungeon.
You visited 1 branch of the dungeon, and saw 6 of its levels.

You collected 244 gold pieces.

Inventory:

Hand Weapons
 q - a +2 vorpal broad axe
 A - a +2 dagger of flaming
Armour
 a - a +0 robe (worn)
 y - a +1 leather armour of fire resistance
Jewellery
 e - a +6 ring of dexterity (left hand)
 r - a ring of fire
Wands
 w - a wand of polymorph (9)
Scrolls
 c - 2 scrolls of magic mapping {unknown}
 d - 2 scrolls of fog {unknown}
 f - a scroll of silence {unknown}
 h - a scroll of teleportation {unknown}
 i - a scroll of fear {unknown}
 l - a scroll of enchant weapon {unknown}
 m - a scroll of amnesia {unknown}
 s - a scroll of immolation {unknown}
 u - 5 scrolls of identify {unknown}
 x - a scroll of blinking {unknown}
 B - a scroll of summoning {unknown}
Potions
 b - a potion of brilliance {unknown}
 g - 3 potions of haste {unknown}
 j - 2 potions of curing {unknown}
 k - a potion of invisibility {unknown}
 n - a potion of might
 o - 2 potions of degeneration {unknown}
 p - a potion of attraction {unknown}
 t - a potion of heal wounds {unknown}
 v - 2 potions of flight {unknown}
 z - a potion of cancellation {unknown}
 C - a potion of lignification {unknown}


   Skills:
 - Level 2.4 Dodging
 - Level 2.4 Stealth
 - Level 8.8 Spellcasting
 - Level 8.2 Conjurations
 + Level 5.8 Hexes
 + Level 4.8 Translocations


You had 13 spell levels left.
You knew the following spells:

 Your Spells              Type           Power      Damage    Failure   Level
a - Magic Dart            Conj           100%       1d8       1%          1
b - Searing Ray           Conj           100%       3d7       1%          2
c - Fulminant Prism       Conj/Hex       24%        3d13      2%          4
d - Iskenderun's Mystic   Conj/Tloc      45%        2d10      3%          4

Your spell library contained the following spells:

 Spells                   Type           Power      Damage    Failure   Level
 Dazzling Flash           Conj/Hex       96%        N/A       1%          3
 Animate Skeleton         Necr           22%        N/A       5%          1
 Pain                     Necr           44%        1d6       5%          1
 Vampiric Draining        Necr           5%         2d6       16%         3


Dungeon Overview and Level Annotations

Branches:
Dungeon (6/15)
 Temple: D:4-7

Altars:

Shops:
D:4 (

Annotations:
D:4 3 runed translucent doors, OhItsWolfy's ghost, amateur MiHu


Message History

Press: ? - help, Shift-Dir - straight line, f - orc
Aim: an orc, wielding a +0 hand axe (asleep, 100% to hit)
The magic dart hits the orc.
The orc is severely wounded.
The orc shouts!
You hear a shout!
Casting: Magic Dart (safe; 1% risk of failure)
Confirm with . or Enter, or press ? or * to list all spells.
Aiming: Magic Dart (safe; 1% risk of failure)
Press: ? - help, Shift-Dir - straight line, f/p - orc
Aim: an orc, wielding a +0 hand axe (severely wounded, 100% to hit)
The magic dart hits the orc!
You kill the orc!
Casting: Magic Dart (safe; 1% risk of failure)
Confirm with . or Enter, or press ? or * to list all spells.
You can't see any susceptible monsters within range! (Use Z to cast anyway.)
Casting: Magic Dart (safe; 1% risk of failure)
Confirm with . or Enter, or press ? or * to list all spells.
You can't see any susceptible monsters within range! (Use Z to cast anyway.)
Casting: Magic Dart (safe; 1% risk of failure)
Confirm with . or Enter, or press ? or * to list all spells.
You can't see any susceptible monsters within range! (Use Z to cast anyway.)
An ogre comes into view. It is wielding a +0 giant club.
Casting: Magic Dart (safe; 1% risk of failure)
Confirm with . or Enter, or press ? or * to list all spells.
Aiming: Searing Ray (safe; 1% risk of failure)
Press: ? - help, Shift-Dir - straight line, f - ogre
Aim: an ogre, wielding a +0 giant club (92% to hit)
The searing ray misses the ogre. (Press . to maintain the ray.)
The ogre hits you with a +0 giant club!!
Ouch! That really hurt!
An acid dragon comes into view.
The searing ray hits the ogre!
The ogre is moderately wounded.
The ogre closely misses you.
The searing ray hits the ogre!
The ogre is severely wounded.
The ogre hits you with a +0 giant club!!
Ouch! That really hurt!
You die...

#.#####..#..........# .#
##.#####.............
#.# ##.................#
#.# #######...#####.###
#D# #..##.(.# ≈#.#l #.#
##†.....##≈≈#.#ll #.#
##.....#..P#.#b≈
#O#.##.(..#..≈#.#.≈
#@#.##...#≈≈≈#.#.. ##.#
##..#P..#.#.≈
##.#.##...#.≈≈#.#bl
##.#.###...# ≈.#.#.≈
##.#.##.).### #≈#.#≈
##.#.##....#######.## #
##.#.##>.........#...#
##
##.#.##.....#####.....##
.## ##.#.##......#
#....[([


You could see an acid dragon and an ogre.

Vanquished Creatures
  Pikel (D:4)
  Edmund (D:5)
  An ice beast (D:4)
  A necrophage (D:5)
  2 ogres
  Blork the orc (D:4)
  A lemure (D:4)
  A scorpion (D:5)
  A water moccasin zombie (D:5)
  A centaur skeleton (D:4)
  3 hounds
  3 orc priests
  A bullfrog skeleton (D:6)
  3 orc wizards (D:5)
  3 iguanas (D:5)
  A hound skeleton (D:5)
  A hound zombie (D:5)
  A howler monkey zombie (D:5)
  7 adders
  A white imp (D:6)
  A worm (D:3)
  2 dart slugs
  19 orcs
  8 endoplasms
  A giant cockroach (D:2)
  6 hobgoblins
  3 jackals (D:2)
  10 ball pythons
  6 bats
  4 frilled lizards
  3 goblins
  5 kobolds
  2 rats (D:3)
105 creatures vanquished.

Vanquished Creatures (others)
  14 fungi (D:5)
14 creatures vanquished.

Grand Total: 119 creatures vanquished

Notes
Turn   | Place    | Note
-------+----------+-------------------------------------------
     0 | D:1      | bnorton916 the Deep Elf Conjurer began the quest for the
                  | Orb.
     0 | D:1      | Reached XP level 1. HP: 10/10 MP: 6/6
   380 | D:1      | Reached XP level 2. HP: 15/15 MP: 6/8
   929 | D:1      | Learned a level 2 spell: Searing Ray
   988 | D:2      | Reached XP level 3. HP: 19/19 MP: 4/10
   989 | D:2      | Reached skill level 5 in Conjurations
  1780 | D:3      | Reached XP level 4. HP: 24/24 MP: 6/12
  1829 | D:3      | Found a faded altar of an unknown god.
  2352 | D:3      | Reached skill level 5 in Spellcasting
  2721 | D:4      | Reached XP level 5. HP: 28/28 MP: 9/15
  2773 | D:4      | Noticed an ice beast
  2773 | D:4      | Noticed an ogre
  2786 | D:4      | Killed an ice beast
  2835 | D:4      | Killed an ogre
  2836 | D:4      | Reached XP level 6. HP: 32/32 MP: 9/17
  3309 | D:4      | Found a runed translucent gate.
  3309 | D:4      | Found a runed translucent gate.
  3309 | D:4      | Found a runed translucent gate.
  3309 | D:4      | Noticed OhItsWolfy's ghost (amateur MiHu)
  3487 | D:4      | Noticed Blork the orc
  3494 | D:4      | Killed Blork the orc
  3625 | D:4      | Noticed Pikel
  3641 | D:4      | Killed Pikel
  3642 | D:4      | Reached XP level 7. HP: 27/36 MP: 9/21
  3648 | D:4      | Learned a level 4 spell: Fulminant Prism
  3653 | D:4      | Learned a level 4 spell: Iskenderun's Mystic Blast
  3789 | D:4      | Found Eleykihume's Weapon Boutique.
  3875 | D:5      | Entered Level 5 of the Dungeon
  3881 | D:5      | Reached skill level 1 in Hexes
  3881 | D:5      | Reached skill level 1 in Translocations
  3887 | D:5      | Reached XP level 8. HP: 39/41 MP: 9/22
  4133 | D:5      | Noticed Edmund
  4148 | D:5      | Killed Edmund
  4176 | D:5      | HP: 2/41 [something/magic dart (6)]
  5472 | D:5      | Reached skill level 5 in Hexes
  5724 | D:5      | Mangled by an ogre

Illustrated notes

Levels and vault maps discovered:
D:1:      dpeg_arrival_long_road, layout_loops_ring
D:2:      layout_basic, grunt_decor_junction, minmay_between
D:3:      minmay_recursive_quarters, layout_basic,
          hellmonk_ecumenical_altar_lost_god, kennysheep_generic_room_2
D:4:      layout_gridville, ebering_ghost_rock_garden, serial_shops,
          kennysheep_mini, glass_columns_b, uniq_pikel, uniq_blork_the_orc
D:5:      minmay_inner_zag, layout_rooms, serial_aquarium,
          aquarium_bridge_square [aquarium_subvault_window,
          aquarium_subvault_bridge, aquarium_subvault_window,
          aquarium_subvault_wall], aquarium_bridge_straight
          [aquarium_subvault_bridge, aquarium_subvault_window,
          aquarium_subvault_bridge, aquarium_subvault_wall],
          aquarium_window_fake, aquarium_window_double, aquarium_window_2,
          aquarium_view_4, aquarium_view_2e, aquarium_balcony_1b, uniq_edmund
D:6:      layout_loops_corners, hangedman_abyss_or_decor_stabs

Skill      XL: |  1  2  3  4  5  6  7  8 |
---------------+-------------------------+-----
Spellcasting   | 4 5 6 8 |  8.8
Conjurations   | 5 6 8 |  8.2
Hexes          | 1 5 |  5.8
Translocations | 1 4 |  4.8
Dodging        | |  2.4
Stealth        | |  2.4

Action                   |  1- 3 |  4- 6 |  7- 9 || total
-------------------------+-------+-------+-------++-------
 Cast: Magic Dart        |    74 |    72 |    47 ||   193
       Searing Ray       |       |    13 |    17 ||    30
       Iskenderun's Myst |       |       |     2 ||     2
Armor: Robe              |       |       |     2 ||     2
Dodge: Dodged            |    10 |    17 |    21 ||    48
